 Dungeon Crawl Stone Soup version 0.28.0 (webtiles) character file.

Game seed: 16704092293617381721

89 eskoe the Chopper (level 4, -5/41 HPs)
             Began as a Minotaur Berserker on Feb 11, 2022.
             Was a Believer of Trog.
             Slain by a gnoll sergeant (9 damage)
             ... on level 3 of the Dungeon.
             The game lasted 00:08:16 (1634 turns).

eskoe the Chopper (Minotaur Berserker)              Turns: 1634, Time: 00:08:16

Health: -5/41      AC:  6    Str: 23    XL:     4   Next: 31%
Magic:  3/3        EV: 10    Int:  4    God:    Trog [**....]
Gold:   18         SH:  0    Dex: 10    Spells: 3/3 levels left

rFire   + . .      SeeInvis .   f - +0 hand axe (flame)
rCold   + . .      Faith    .   (no shield)
rNeg    . . .      Spirit   .   c - +0 scale mail
rPois   .          Reflect  .   (helmet restricted)
rElec   .          Harm     .   h - scarf {rC+ rF+}
rCorr   .          Rampage  .   (no gloves)
Will    .....                   (no boots)
Stlth   ..........              (no amulet)
HPRegen 0.13/turn               (no ring)
MPRegen 0.08/turn               (no ring)

@: no status effects
A: horns 2, retaliatory headbutt
a: Renounce Religion, Berserk, Trog's Hand


You were on level 3 of the Dungeon.
You worshipped Trog.
Trog was pleased with you.
You visited 1 branch of the dungeon, and saw 3 of its levels.

You collected 18 gold pieces.

Inventory:

Hand Weapons
 a - a +0 hand axe
 f - a +0 hand axe of flaming (weapon)
Armour
 b - a +0 animal skin
 c - a +0 scale mail (worn)
 h - a scarf of resistance (worn)
Scrolls
 g - a scroll of enchant weapon {unknown}
 i - a scroll of amnesia {unknown}
 j - a scroll of identify {unknown}
Potions
 d - a potion of attraction {unknown}
 e - a potion of invisibility {unknown}


   Skills:
 + Level 4.3 Fighting
 + Level 4.9 Axes
 + Level 3.4 Armour
 + Level 2.4 Dodging
 + Level 0.1 Stealth


You had 3 spell levels left.
You didn't know any spells.
Your spell library was empty.

Dungeon Overview and Level Annotations

Branches:
Dungeon (3/15)

Altars:


Innate Abilities, Weirdness & Mutations

You have a pair of horns on your head.
You reflexively headbutt those who attack you in melee.


Message History

a +0 club; a gnoll corpse You closely miss the gnoll.
You headbutt the gnoll.
The gnoll is lightly wounded.
The gnoll completely misses you.
You barely miss the gnoll.
The gnoll is lightly wounded.
The gnoll barely misses you.
You closely miss the gnoll.
The gnoll is lightly wounded.
The gnoll hits you with a +0 whip. The gnoll hits you but does no damage.
You hit the gnoll. You burn the gnoll. You headbutt the gnoll.
You kill the gnoll!
Trog accepts your kill.
Items here: )) ††.
Okay, then.
HP restored.
You see here a +0 hand axe.
Found the +8 woodcutter's axe {vorpal}.
The gnoll sergeant shouts!
A gnoll sergeant breaks down the door.
Unknown command.
Items here: )) ††.
Press: ? - help, v - describe, . - travel The floor.
The gnoll sergeant hits you from afar with a +3 trident of protection!
The gnoll sergeant closely misses you.
There is a stone staircase leading up here.
The gnoll sergeant closely misses you. The gnoll sergeant closely misses you.
The gnoll sergeant hits you from afar with a +3 trident of protection.
The gnoll sergeant hits you with a +3 trident of protection.
The gnoll sergeant hits you with a +3 trident of protection.
You hit the gnoll sergeant but do no damage.
You headbutt the gnoll sergeant, but do no damage.
The gnoll sergeant hits you with a +3 trident of protection!
* * * LOW HITPOINT WARNING * * *
You hit the gnoll sergeant but do no damage.
You headbutt the gnoll sergeant, but do no damage.
The gnoll sergeant hits you with a +3 trident of protection!
You die...

♣..♣....♣
♣)..♣.♣ ###+#
♣.....♣
#....#
♣♣...♣♣
#.....##♣.g)♣
#......#♣♣)♣♣
#......##♣.♣
#.....<.##.#
#......@g..#
#.........##
###+#######


You could see a gnoll sergeant.

Vanquished Creatures
  2 gnolls (D:3)
  An adder (D:2)
  A worm (D:2)
  2 dart slugs
  7 bats
  5 endoplasms
  2 giant cockroaches (D:1)
  4 goblins (D:1)
  6 hobgoblins
  4 jackals (D:1)
  3 kobolds
  4 quokkas (D:1)
  4 ball pythons
  6 rats
51 creatures vanquished.

Notes
Turn   | Place    | Note
-------+----------+-------------------------------------------
     0 | D:1      | eskoe the Minotaur Berserker began the quest for the Orb.
     0 | D:1      | Reached XP level 1. HP: 19/19 MP: 0/0
   261 | D:1      | Reached XP level 2. HP: 21/27 MP: 1/1
   637 | D:1      | Reached XP level 3. HP: 27/33 MP: 2/2
   707 | D:1      | Reached ** piety under Trog
   829 | D:1      | Found a faded altar of an unknown god.
   829 | D:1      | Noticed a Tzitzimitl
  1243 | D:2      | Reached XP level 4. HP: 41/41 MP: 3/3
  1612 | D:3      | Noticed a gnoll sergeant
  1612 | D:3      | Found the +8 woodcutter's axe {vorpal}
  1634 | D:3      | Slain by a gnoll sergeant

Illustrated notes

Levels and vault maps discovered:
D:1:      shiori_arrival_maze, layout_basic,
          dreamdust_ecumenical_altar_sealed_demon
D:2:      layout_rooms, serial_glass, glass_columns_a, glass_columns_b,
          glass_columns_b
D:3:      minmay_chambers_of_twos, layout_basic, old_standard_altar,
          pf_guarded_unrand_woodcutter

Skill      XL: |  1  2  3 |
---------------+----------+-----
Fighting       | 4 |  4.3
Axes           | 4 |  4.9
Armour         | 3 |  3.4
Dodging        | |  2.4
Stealth        | |  0.1

Action                   |  1- 3 |  4- 6 || total
-------------------------+-------+-------++-------
Melee: Hand axe          |    89 |    12 ||   101
       Headbutt          |    14 |     4 ||    18
       Punch             |     2 |       ||     2
Armor: Scale mail        |    37 |     2 ||    39
Dodge: Dodged            |    63 |     8 ||    71
